 Dungeon Crawl Stone Soup version 0.25.1-2-g60ff931df9 (webtiles) character file.

Game seed: 13809369676837150497

40 hawla the Conjurer (level 3, 0/26 HPs)
             Began as a Draconian Conjurer on Nov 25, 2020.
             Slain by Sigmund
             ... wielding a +0 scythe
              (8 damage)
             ... on level 2 of the Dungeon.
             The game lasted 00:05:26 (1449 turns).

hawla the Conjurer (Draconian Conjurer)             Turns: 1449, Time: 00:05:27

Health: 0/26       AC:  5    Str: 10    XL:     3   Next: 30%
Magic:  0/7        EV: 12    Int: 16    God:
Gold:   69         SH:  0    Dex: 11    Spells: 5/8 levels left

rFire    . . .     SeeInvis .   (no weapon)
rCold    . . .     Gourm    .   (no shield)
rNeg     . . .     Faith    .   (armour unavailable)
rPois    .         Spirit   .   (helmet restricted)
rElec    .         Reflect  .   (no cloak)
rCorr    .         Harm     .   (no gloves)
MR       .....                  (no boots)
Stlth    ++........             (no amulet)
HPRegen  0.08/turn              (no ring)
MPRegen  0.10/turn              (no ring)

@: no status effects
A: unfitting armour, cold-blooded, AC +5
a: no special abilities


You were on level 2 of the Dungeon.
You were not hungry.

You visited 1 branch of the dungeon, and saw 2 of its levels.

You collected 69 gold pieces.

Inventory:

Missiles
 c - 8 boomerangs (quivered)
Jewellery
 m - an uncursed amulet of magic regeneration {unknown}
Scrolls
 d - 3 scrolls of identify
 e - 2 scrolls of random uselessness {unknown}
 f - a scroll of remove curse
 h - a scroll of blinking
 k - a scroll of amnesia {unknown}
 l - a scroll of fear {unknown}
Comestibles
 b - 3 rations
 g - 3 chunks of flesh


   Skills:
 - Level 1.7 Dodging
 - Level 1.7 Stealth
 * Level 3.4 Spellcasting
 + Level 4.0 Conjurations


You had 5 spell levels left.
You knew the following spells:

 Your Spells              Type           Power        Failure   Level  Hunger
a - Magic Dart            Conj           ###.         3%          1    None
b - Searing Ray           Conj           ###...       4%          2    ##.....

Your spell library contained the following spells:

 Spells                   Type           Power        Failure   Level  Hunger
 Dazzling Flash           Conj/Hex       #.....       24%         3    ###....
 Fulminant Prism          Conj/Hex       #.........   61%         4    ####...
 Iskenderun's Mystic Bla  Conj/Tloc      #.......     61%         4    ####...


Dungeon Overview and Level Annotations

Branches:
Dungeon (2/15)

Altars:

Annotations:
D:2 Sigmund


Innate Abilities, Weirdness & Mutations

Your plain brown scales are hard. (AC +5)
You cannot fit into any form of body armour.
You are cold-blooded and may be slowed by cold attacks.


Message History

It was a potion of cancellation.
Your magical effects are unravelling.
You feel magically purged.
Your magical contamination has completely faded away.
You flicker back into view.
Something hits you.
Casting: Searing Ray (safe; 4% risk of failure)
Confirm with . or Enter, or press ? or * to list all spells.
You can't see any susceptible monsters within range! (Use Z to cast anyway.)
Casting: Searing Ray (safe; 4% risk of failure)
Confirm with . or Enter, or press ? or * to list all spells.
Aiming: Searing Ray (safe; 4% risk of failure)
Press: ? - help, Shift-Dir - straight line The searing ray hits something! (Press . to maintain the ray.)
You hear some strange, mumbled words.
A magic dart appears from out of thin air!
The magic dart hits you. Something hits you!
You die...

..........................#####
.............>............#
.#########.####.)##..........
.....####.#####.........[....
#####........#################
##.......####........
##..####### ########. .
#..####################....
#..............)@{.........
#######################.... .


There were no monsters in sight!

Vanquished Creatures
  A worm (D:2)
  2 dart slugs (D:2)
  4 giant cockroaches
  4 goblins
  7 hobgoblins
  2 kobolds
  2 ball pythons
  4 bats
  2 frilled lizards (D:2)
  A rat (D:1)
29 creatures vanquished.

Notes
Turn   | Place    | Note
-------+----------+-------------------------------------------
     0 | D:1      | hawla the Draconian Conjurer began the quest for the Orb.
     0 | D:1      | Reached XP level 1. HP: 14/14 MP: 3/3
   208 | D:1      | Reached XP level 2. HP: 20/20 MP: 0/5
  1096 | D:2      | Reached XP level 3. HP: 26/26 MP: 1/7
  1100 | D:2      | Learned a level 2 spell: Searing Ray
  1432 | D:2      | Noticed Sigmund
  1449 | D:2      | Slain by Sigmund

Illustrated notes

Levels and vault maps discovered:
D:1:      beargit_arrival_greenhouse, layout_basic
D:2:      layout_rooms, uniq_sigmund, uniq_terence, uniq_robin

Skill      XL: |  1  2 |
---------------+-------+-----
Spellcasting   | 3 |  3.4
Dodging        | |  1.7
Stealth        | |  1.7
Conjurations   | |  4.0

Action                   || total
-------------------------++-------
Melee: Unarmed           ||    38
       Tailslap          ||     1
 Cast: Magic Dart        ||    53
       Searing Ray       ||     6
  Use: Scroll            ||     4
       Potion            ||     3
  Eat: Chunk             ||     2
Armor: Skin              ||    11
Dodge: Dodged            ||    42
